 Dungeon Crawl Stone Soup version 0.29-a0-555-g3b24f45cc1 (webtiles) character file.

Game seed: 7820154825495771699

150 Crownlay the Grave Robber (level 5, 0/37 HPs)
             Began as a Gnoll Necromancer on June 7, 2022.
             Slain by Grinder (9 damage)
             ... on level 3 of the Dungeon.
             The game lasted 00:05:25 (2358 turns).

Crownlay the Grave Robber (Gnoll Necromancer)       Turns: 2358, Time: 00:05:26

Health: 0/37       AC:  4    Str:  7    XL:     5   Next: 32%
Magic:  11/12      EV: 13    Int: 17    God:
Gold:   157        SH:  4    Dex: 12    Spells: 6/14 levels left

rFire   . . .      SeeInvis .   g - +0 dagger
rCold   . . .      Faith    .   e - +0 buckler
rNeg    . . .      Spirit   .   a - +0 robe
rPois   .          Reflect  .   j - +2 hat
rElec   .          Harm     .   (no cloak)
rCorr   .          Rampage  .   (no gloves)
Will    .....                   (no boots)
Stlth   +++.......              (no amulet)
HPRegen 0.12/turn               (no ring)
MPRegen 0.13/turn               (no ring)

@: lethally poisoned (0 -> -1), animating dead
A: fangs 1, strong nose, distributed training
a: no special abilities


You were on level 3 of the Dungeon.
You visited 1 branch of the dungeon, and saw 3 of its levels.

You collected 157 gold pieces.

Inventory:

Hand Weapons
 g - a +0 dagger (weapon)
Armour
 a - a +0 robe (worn)
 e - a +0 buckler (worn)
 j - a +2 hat (worn)
Scrolls
 f - 2 scrolls of torment
 h - a scroll of blinking {unknown}
 l - a scroll of teleportation {unknown}
 n - a scroll of amnesia {unknown}
Potions
 b - a potion of magic
 c - a potion of brilliance {unknown}
 d - 2 potions of heal wounds
 i - a potion of curing {unknown}
 m - 2 potions of flight


   Skills:
 + Level 1.4 Fighting
 + Level 1.4 Short Blades
 + Level 1.4 Long Blades
 + Level 1.4 Axes
 + Level 1.4 Maces & Flails
 + Level 1.4 Polearms
 + Level 1.4 Staves
 + Level 1.4 Slings
 + Level 1.4 Bows
 + Level 1.4 Crossbows
 + Level 1.4 Throwing
 + Level 1.4 Armour
 + Level 4.7 Dodging
 + Level 4.4 Stealth
 + Level 1.4 Shields
 + Level 1.4 Unarmed Combat
 + Level 5.2 Spellcasting
 + Level 1.1 Conjurations
 + Level 1.1 Hexes
 + Level 1.1 Summonings
 + Level 7.2 Necromancy
 + Level 1.1 Translocations
 + Level 1.1 Transmutations
 + Level 1.1 Fire Magic
 + Level 1.1 Ice Magic
 + Level 1.1 Air Magic
 + Level 1.1 Earth Magic
 + Level 1.1 Poison Magic
 + Level 1.6 Invocations
 + Level 1.4 Evocations


You had 6 spell levels left.
You knew the following spells:

 Your Spells              Type           Power      Damage    Failure   Level
a - Necrotize             Necr           100%       1d9       1%          1
b - Vampiric Draining     Necr           28%        2d8       2%          3
c - Animate Dead          Necr           28%        N/A       10%         4

Your spell library contained the following spells:

 Spells                   Type           Power      Damage    Failure   Level
 Agony                    Necr           28%        N/A       26%         5
 Gell's Gravitas          Tloc           8%         N/A       34%         3
 Teleport Other           Tloc           8%         N/A       34%         3
 Dispersal                Tloc           4%         N/A       100%        6


Dungeon Overview and Level Annotations

Branches:
Dungeon (3/15)

Altars:

Annotations:
D:3 Grinder


Innate Abilities, Weirdness & Mutations

You have very sharp teeth.
Your uncanny sense of smell can sniff out nearby items.
Your experience applies equally to all skills.


Message History

Your endoplasm zombie barely misses Grinder.
Casting: Necrotize (safe; 1% risk of failure)
Confirm with . or Enter, or press ? or * to list all spells.
You can't see any susceptible monsters within range! (Use Z to cast anyway.)
Casting: Necrotize (safe; 1% risk of failure)
Confirm with . or Enter, or press ? or * to list all spells.
You can't see any susceptible monsters within range! (Use Z to cast anyway.)
You hit Grinder.
Grinder is lightly wounded.
You feel sick. Grinder gestures at you.
You suddenly lose the ability to move!
You feel sick.
Your endoplasm zombie completely misses Grinder.
Grinder hits you.
Your adder zombie closely misses Grinder.
You feel sick.
Your hobgoblin zombie hits Grinder.
Your endoplasm zombie misses Grinder.
Grinder hits you but does no damage.
Your adder zombie closely misses Grinder.
You feel sick.
Your hobgoblin zombie barely misses Grinder.
Your adder zombie bites Grinder but does no damage.
Grinder says, "Tell me all your secrets, or I'll kill you."
Grinder hits your adder zombie!
Your endoplasm zombie closely misses Grinder.
You can move again.
You closely miss Grinder.
Grinder is lightly wounded.
You feel sick.
Your adder zombie closely misses Grinder.
Grinder gestures at you.
You barely resist.
Your hobgoblin zombie barely misses Grinder.
You hit Grinder but do no damage. Your bite misses Grinder.
Grinder is lightly wounded.
You feel sick.
Your endoplasm zombie closely misses Grinder.
Your adder zombie closely misses Grinder.
Grinder hits you!
You die...

...........#
#.##.......#
#.##.......# ∆
#.##.......#
#.##.......# .
###.##.......#
....#<..##.ZZ....###
.(...........5Z.......
..............@......:
##..###############...
#. . .. .


You could see Grinder (ally target), a friendly adder zombie, a friendly
endoplasm zombie and a friendly hobgoblin zombie.

Vanquished Creatures
  4 gnolls (D:2)
  4 adders
  2 worms
  A dart slug (D:2)
  3 ball pythons
  5 bats
  3 endoplasms
  A giant cockroach (D:2)
  3 goblins (D:2)
  6 hobgoblins
  3 jackals (D:1)
  6 kobolds
  3 frilled lizards
  4 rats
48 creatures vanquished.

Vanquished Creatures (collateral kills)
  2 adders
  An endoplasm (D:3)
  A ball python (D:2)
4 creatures vanquished.

Vanquished Creatures (others)
  2 adder zombies
  A bat zombie (D:3)
3 creatures vanquished.

Grand Total: 55 creatures vanquished

Notes
Turn   | Place    | Note
-------+----------+-------------------------------------------
     0 | D:1      | Crownlay the Gnoll Necromancer began the quest for the Orb.
     0 | D:1      | Reached XP level 1. HP: 13/13 MP: 6/6
   367 | D:1      | Reached XP level 2. HP: 19/19 MP: 5/7
  1024 | D:1      | Found a faded altar of an unknown god.
  1297 | D:1      | Reached XP level 3. HP: 17/25 MP: 3/9
  1301 | D:1      | Learned a level 3 spell: Vampiric Draining
  1399 | D:2      | Reached skill level 5 in Spellcasting
  1486 | D:2      | Reached skill level 1 in Invocations
  1594 | D:2      | Reached skill level 1 in Fighting
  1594 | D:2      | Reached skill level 1 in Short Blades
  1594 | D:2      | Reached skill level 1 in Long Blades
  1594 | D:2      | Reached skill level 1 in Axes
  1594 | D:2      | Reached skill level 1 in Maces & Flails
  1594 | D:2      | Reached skill level 1 in Polearms
  1594 | D:2      | Reached skill level 1 in Staves
  1594 | D:2      | Reached skill level 1 in Slings
  1594 | D:2      | Reached skill level 1 in Bows
  1594 | D:2      | Reached skill level 1 in Crossbows
  1594 | D:2      | Reached skill level 1 in Throwing
  1594 | D:2      | Reached skill level 1 in Armour
  1594 | D:2      | Reached skill level 1 in Shields
  1594 | D:2      | Reached skill level 1 in Unarmed Combat
  1594 | D:2      | Reached skill level 1 in Evocations
  1597 | D:2      | Reached XP level 4. HP: 32/32 MP: 3/11
  1754 | D:2      | Reached skill level 1 in Conjurations
  1754 | D:2      | Reached skill level 1 in Hexes
  1754 | D:2      | Reached skill level 1 in Summonings
  1754 | D:2      | Reached skill level 1 in Translocations
  1754 | D:2      | Reached skill level 1 in Transmutations
  1754 | D:2      | Reached skill level 1 in Fire Magic
  1754 | D:2      | Reached skill level 1 in Ice Magic
  1754 | D:2      | Reached skill level 1 in Air Magic
  1754 | D:2      | Reached skill level 1 in Earth Magic
  1754 | D:2      | Reached skill level 1 in Poison Magic
  1964 | D:2      | Learned a level 4 spell: Animate Dead
  2050 | D:2      | Reached XP level 5. HP: 25/37 MP: 1/12
  2341 | D:3      | Noticed Grinder
  2353 | D:3      | Paralysed by Grinder for 4 turns
  2358 | D:3      | Slain by Grinder

Illustrated notes

Levels and vault maps discovered:
D:1:      roderic_octagonal_star, layout_basic, shapermc_ecumenical_altar_petra
D:2:      layout_rooms, minmay_fractal_squares_5
D:3:      layout_basic, serial_shops, shop_fountains, shop_fountains,
          nicolae_shop_waterfront, nicolae_shop_window_shopping,
          nicolae_shop_statue_plus, uniq_grinder, uniq_ijyb

Skill      XL: |  1  2  3  4 |
---------------+-------------+-----
Spellcasting   | 5 |  5.2
Invocations    | 1 |  1.6
Fighting       | 1 |  1.4
Short Blades   | 1 |  1.4
Long Blades    | 1 |  1.4
Axes           | 1 |  1.4
Maces & Flails | 1 |  1.4
Polearms       | 1 |  1.4
Staves         | 1 |  1.4
Slings         | 1 |  1.4
Bows           | 1 |  1.4
Crossbows      | 1 |  1.4
Throwing       | 1 |  1.4
Armour         | 1 |  1.4
Shields        | 1 |  1.4
Unarmed Combat | 1 |  1.4
Evocations     | 1 |  1.4
Conjurations   | 1 |  1.1
Hexes          | 1 |  1.1
Summonings     | 1 |  1.1
Translocations | 1 |  1.1
Transmutations | 1 |  1.1
Fire Magic     | 1 |  1.1
Ice Magic      | 1 |  1.1
Air Magic      | 1 |  1.1
Earth Magic    | 1 |  1.1
Poison Magic   | 1 |  1.1
Dodging        | |  4.7
Stealth        | |  4.4
Necromancy     | |  7.2

Action                   |  1- 3 |  4- 6 || total
-------------------------+-------+-------++-------
Melee: Dagger            |     1 |    60 ||    61
       Bite              |       |     9 ||     9
 Cast: Necrotize         |    49 |    16 ||    65
       Vampiric Draining |     2 |     2 ||     4
       Animate Dead      |       |     2 ||     2
  Use: Potion            |       |     1 ||     1
       Scroll            |       |     3 ||     3
 Stab: Distracted        |       |     2 ||     2
Armor: Robe              |     3 |    23 ||    26
Dodge: Dodged            |     6 |    50 ||    56
Block: Buckler           |       |    14 ||    14

Table legend: (Time is in decaauts)
 A = Elapsed time spent in this place.
 B = Non-inter-level travel time spent in this place.
 C = Inter-level travel time spent in this place.
 D = Time resting spent in this place.
 E = Time spent auto-exploring this place.
 F = Levels seen in this place.
 G = Mean time per level.
                   A        B        C        D        E       F      G
               +--------+--------+--------+--------+--------+-----+--------+
         Total |   2358 |   2320 |     38 |      0 |   2011 |   3 |  786.0 |
       Dungeon |   2358 |   2320 |     38 |      0 |   2011 |   3 |  786.0 |
               +--------+--------+--------+--------+--------+-----+--------+

Top non-repeatable levels by time:
     D:1: 1335 daAuts
     D:2: 988 daAuts
     D:3: 35 daAuts
